 Dungeon Crawl Stone Soup version 0.28.0-53-g5a82cb258f (webtiles) character file.

Game seed: 3592664506528625941

32 Gabide the Skirmisher (level 3, -1/29 HPs)
             Began as a Mummy Monk on June 2, 2022.
             Slain by an iguana (14 damage)
             ... on level 4 of the Dungeon.
             The game lasted 00:01:57 (1385 turns).

Gabide the Skirmisher (Mummy Monk)                  Turns: 1385, Time: 00:01:58

Health: -1/29      AC:  2    Str: 14    XL:     3   Next: 8%
Magic:  3/3        EV: 13    Int:  9    God:
Gold:   38         SH:  0    Dex: 16    Spells: 2/2 levels left

rFire   x . .      SeeInvis .     - Unarmed
rCold   + . .      Faith    .   (no shield)
rNeg    + + +      Spirit   .   a - +0 robe
rPois   ∞          Reflect  .   (no helmet)
rElec   .          Harm     .   (no cloak)
rCorr   .          Rampage  .   (no gloves)
Will    .....                   (no boots)
Stlth   ++........              (no amulet)
HPRegen 0.09/turn               (no ring)
MPRegen 0.08/turn               (no ring)

@: no status effects
A: cold resistance 1, negative energy resistance 3, torment resistance 2, heat
vulnerability 1, no potions
a: no special abilities


You were on level 4 of the Dungeon.
You visited 1 branch of the dungeon, and saw 3 of its levels.

You collected 38 gold pieces.

Inventory:

Missiles
 b - 38 stones (quivered)
Armour
 a - a +0 robe (worn)
Scrolls
 c - 2 scrolls of identify
 d - a scroll of fear


   Skills:
 + Level 3.4 Fighting
 + Level 2.8 Dodging
 - Level 1.5 Stealth
 + Level 2.8 Unarmed Combat


You had 2 spell levels left.
You didn't know any spells.
Your spell library was empty.

Dungeon Overview and Level Annotations

Branches:
Dungeon (2/15)

Altars:


Innate Abilities, Weirdness & Mutations

You are immune to poison.
Your flesh is cold resistant. (rC+)
You are immune to negative energy. (rN+++)
You are immune to unholy pain and torment.
You are vulnerable to heat. (rF-)
You do not drink.


Message History

You throw a stone.
The stone hits the iguana but does no damage.
You throw a stone. The stone closely misses the iguana.
You hit the iguana.
The iguana is lightly wounded.
The iguana bites you!
You hit the iguana.
The iguana is moderately wounded.
The iguana barely misses you.
You closely miss the iguana.
The iguana is moderately wounded.
The iguana bites you.
You hit the iguana.
The iguana is heavily wounded.
The iguana bites you but does no damage.
You hit the iguana but do no damage.
The iguana is heavily wounded.
The iguana bites you.
You hit the iguana.
The iguana is severely wounded.
The iguana closely misses you.
You hit the iguana but do no damage.
The iguana is severely wounded.
The iguana closely misses you.
You closely miss the iguana.
The iguana is severely wounded.
The iguana barely misses you.
You hit the iguana but do no damage. You punch the iguana, but do no damage.
The iguana is severely wounded.
The iguana misses you.
You hit the iguana. Your punch misses the iguana.
The iguana is almost dead.
The iguana closely misses you.
You barely miss the iguana.
The iguana is almost dead.
The iguana bites you.
You barely miss the iguana.
The iguana is almost dead.
The iguana bites you!
You die...

.$............#
.....(........#
(.............#
..............#
..............#
......(.......+
..............#
....####l######
##..#####@#
..........#
.....###..# ...
#..# # #..#
#..#
#..........#
#.#........#
#........#


You could see an iguana.

Vanquished Creatures
  A dart slug (D:1)
  5 bats (D:1)
  2 endoplasms (D:1)
  2 giant cockroaches (D:1)
  4 goblins (D:1)
  3 hobgoblins (D:1)
  2 ball pythons
  2 frilled lizards (D:1)
  4 kobolds (D:1)
  4 rats (D:1)
29 creatures vanquished.

Notes
Turn   | Place    | Note
-------+----------+-------------------------------------------
     0 | D:1      | Gabide the Mummy Monk began the quest for the Orb.
     0 | D:1      | Reached XP level 1. HP: 18/18 MP: 1/1
   433 | D:1      | Reached XP level 2. HP: 21/24 MP: 2/2
   571 | D:1      | Found a faded altar of an unknown god.
  1048 | D:1      | Reached XP level 3. HP: 29/29 MP: 3/3
  1356 | D:2      | You fall into a shaft and drop 2 floors!
  1385 | D:4      | Slain by an iguana

Illustrated notes

Levels and vault maps discovered:
D:1:      roderic_octagonal_star, layout_basic,
          hellmonk_ecumenical_altar_arch_garden
D:2:      kennysheep_the_goblin_king, layout_loops_ring, uniq_sigmund,
          uniq_robin
D:4:      layout_basic

Action                   || total
-------------------------++-------
Melee: Unarmed           ||   114
       Punch             ||     5
Throw: Stone             ||    40
  Use: Scroll            ||     2
 Stab: Sleeping          ||     1
Armor: Robe              ||    35
Dodge: Dodged            ||    74
